 Dungeon Crawl Stone Soup version 0.29.1-15-g9cfb28693d (webtiles) character file.

Game seed: 2896968764457157461

658 protoss039 the Digger (level 7, -3/54 HPs)
             Began as a Demonspawn Earth Elementalist on Feb 28, 2023.
             Slain by a yak (12 damage)
             ... on level 3 of the Dungeon.
             The game lasted 00:07:10 (4148 turns).

protoss039 the Digger (DsEE)                        Turns: 4148, Time: 00:07:10

Health: -3/54      AC:  8    Str:  8    XL:     7   Next: 30%
Magic:  0/13       EV: 11    Int: 18    God:
Gold:   127        SH:  3    Dex: 14    Spells: 8/14 levels left

rFire   . . .      SeeInvis +   d - +0 dagger
rCold   . . .      Faith    .   u - +0 buckler
rNeg    . . .      Spirit   +   z - +0 leather armour
rPois   .          Reflect  .   (helmet restricted)
rElec   .          Harm     .   (no cloak)
rCorr   .          Rampage  .   q - +0 pair of gloves
Will    .....                   (no boots)
Stlth   ++........              o - amulet of guardian spirit
HPRegen 0.18/turn               f - +4 ring of protection
MPRegen 0.26/turn               s - ring of see invisible

@: no status effects
A: antennae 2, powered by death 1, magic regeneration
a: no special abilities


You were on level 3 of the Dungeon.
You visited 1 branch of the dungeon, and saw 4 of its levels.

You collected 127 gold pieces.

Inventory:

Hand Weapons
 d - a +0 dagger (weapon)
Missiles
 A - a throwing net
Armour
 a - a +0 kite shield
 q - a +0 pair of gloves (worn)
 u - a +0 buckler (worn)
 z - a +0 leather armour (worn)
Magical Staves
 m - a staff of cold
Jewellery
 f - a +4 ring of protection (left hand)
 o - an amulet of guardian spirit (around neck)
 s - a ring of see invisible (right hand)
Wands
 B - a wand of light (5)
Scrolls
 g - 3 scrolls of vulnerability
 h - 4 scrolls of teleportation
 i - 2 scrolls of identify {unknown}
 j - a scroll of noise {unknown}
 l - 2 scrolls of amnesia {unknown}
 p - 2 scrolls of torment {unknown}
 r - 2 scrolls of magic mapping {unknown}
 t - a scroll of enchant weapon {unknown}
 w - a scroll of enchant armour {unknown}
 x - a scroll of fear {unknown}
 y - a scroll of butterflies {unknown}
Potions
 b - a potion of magic
 c - 2 potions of ambrosia {unknown}
 e - 2 potions of curing {unknown}
 k - 2 potions of invisibility {unknown}
 n - a potion of berserk rage {unknown}
 v - a potion of cancellation {unknown}


   Skills:
 + Level 4.1 Fighting
 - Level 1.7 Dodging
 - Level 1.7 Stealth
 + Level 4.4 Spellcasting
 + Level 2.0 Conjurations
 - Level 0.8 Transmutations
 + Level 4.8 Earth Magic


You had 8 spell levels left.
You knew the following spells:

 Your Spells              Type           Power      Damage    Failure   Level
a - Sandblast             Erth           42%        2d11      3%          1
b - Passwall              Tmut/Erth      11%        N/A       13%         2
c - Stone Arrow           Conj/Erth      32%        3d9       21%         3

Your spell library contained the following spells:

 Spells                   Type           Power      Damage    Failure   Level
 Summon Small Mammal      Summ           12%        N/A       28%         1
 Wereblood                Tmut           7%         N/A       30%         2
 Ensorcelled Hibernation  Hex/Ice        6%         N/A       38%         2
 Sublimation of Blood     Necr           3%         N/A       38%         2
 Call Canine Familiar     Summ           3%         N/A       63%         3
 Summon Guardian Golem    Hex/Summ       3%         N/A       63%         3
 Swiftness                Air            3%         N/A       63%         3
 Petrify                  Tmut/Erth      14%        N/A       65%         4
 Summon Hydra             Summ           1%         N/A       100%        7


Dungeon Overview and Level Annotations

Branches:
Dungeon (4/15) Zot: 19772
 Temple: D:4-7

Altars:


Innate Abilities, Weirdness & Mutations

You have a pair of antennae on your head.
You regenerate a little health from kills.
You regenerate magic rapidly.


Message History

The yak is almost dead.
The yak gores you! The yak closely misses you.
Unknown command.
Casting: Sandblast (safe; 3% risk of failure)
Confirm with . or Enter, or press ? or * to list all spells.
Aiming: Sandblast (safe; 3% risk of failure)
Press: ? - help, Shift-Dir - straight line, f/p - yak
Aim: a yak (almost dead, 90% to hit)
The blast of sand hits the yak.
The yak is almost dead.
The yak gores you!
Unknown command.
Casting: Sandblast (safe; 3% risk of failure)
Confirm with . or Enter, or press ? or * to list all spells.
Aiming: Sandblast (safe; 3% risk of failure)
Press: ? - help, Shift-Dir - straight line, f/p - yak
Aim: a yak (almost dead, 90% to hit)
The blast of sand hits the yak but does no damage.
The yak is almost dead.
The yak misses you. The yak gores you.
Unknown command.
You hit the yak.
The yak is almost dead.
The yak gores you!
* * * LOW HITPOINT WARNING * * *
Casting: Sandblast (safe; 3% risk of failure)
Confirm with . or Enter, or press ? or * to list all spells.
You don't have enough magic to cast this spell.
Unknown command.
Unknown command.
Casting: Sandblast (safe; 3% risk of failure)
Confirm with . or Enter, or press ? or * to list all spells.
You don't have enough magic to cast this spell.
Unknown command.
A yak is nearby!
Aiming: Bolt of Light
Press: ? - help, Shift-Dir - straight line, f/p - yak
Aim: a yak (almost dead, 83% to hit)
The bolt of light misses the yak.
The yak gores you!
You die...

#.......# #.........# #.#
####.......###########.###.#
...#[......#.......##......#
##....######.#####'##..#####
#.##.# #...##........#
#####'####'####........#
..............#......#.#
.###.........^#......#[# .#
#..[.......#Y@....#.####
.###............######....#
.##.............# #..#.#
.##.............### #..#.#
.##.........#.....# #..#.#
..#.........#...<.# #..#.#
#.#.........'.....####..#.#
............#.....#.....#.#
#.#.........#.............#


You could see a yak.

Vanquished Creatures
  2 yaks (D:3)
  2 hounds
  A jelly (D:4)
  Jessica (D:3)
  An iguana (D:2)
  Natasha (thrice) (D:4)
  3 adders
  3 gnolls (D:4)
  A worm (D:2)
  4 dart slugs
  5 orcs
  3 ball pythons
  4 endoplasms
  2 giant cockroaches (D:1)
  10 hobgoblins
  9 jackals
  4 kobolds
  2 quokkas
  6 bats
  4 frilled lizards
  6 goblins
76 creatures vanquished.

Notes
Turn   | Place    | Note
-------+----------+-------------------------------------------
     0 | D:1      | protoss039 the Demonspawn Earth Elementalist began the
                  | quest for the Orb.
     0 | D:1      | Reached XP level 1. HP: 13/13 MP: 3/3
   460 | D:1      | Gained mutation: You regenerate a little health from kills.
                  | [demonic ancestry]
   460 | D:1      | Reached XP level 2. HP: 20/20 MP: 1/5
   789 | D:1      | Reached skill level 1 in Fighting
  1418 | D:1      | Learned a level 2 spell: Passwall
  1593 | D:2      | Gained mutation: You regenerate magic rapidly. [demonic
                  | ancestry]
  1593 | D:2      | Reached XP level 3. HP: 23/26 MP: 0/6
  1857 | D:2      | Found a faded altar of an unknown god.
  1920 | D:2      | Gained mutation: You have a pair of small antennae on your
                  | head. [demonic ancestry]
  1920 | D:2      | Reached XP level 4. HP: 22/33 MP: 4/8
  2389 | D:3      | Reached XP level 5. HP: 39/39 MP: 5/9
  2576 | D:3      | Noticed Jessica
  2580 | D:3      | Killed Jessica
  2771 | D:4      | Noticed Natasha
  2776 | D:4      | Killed Natasha
  2869 | D:4      | Noticed a yak
  2870 | D:4      | Noticed a yak
  2870 | D:4      | Noticed a yak
  2870 | D:4      | Noticed a yak
  2871 | D:4      | Noticed a yak
  2872 | D:4      | Noticed a yak
  2974 | D:4      | Reached XP level 6. HP: 46/47 MP: 4/11
  3540 | D:4      | Noticed Natasha
  3544 | D:4      | Killed Natasha
  3549 | D:4      | Learned a level 3 spell: Stone Arrow
  3600 | D:4      | Noticed Natasha
  3604 | D:4      | Killed Natasha
  3723 | D:3      | Killed a yak
  3724 | D:3      | Reached skill level 1 in Conjurations
  3865 | D:3      | Killed a yak
  3866 | D:3      | Gained mutation: You have a pair of antennae on your head.
                  | [demonic ancestry]
  3866 | D:3      | Reached XP level 7. HP: 11/54 MP: 0/13
  4148 | D:3      | Slain by a yak

Illustrated notes

Levels and vault maps discovered:
D:1:      lemuel_arrival_muddy, layout_loops_corners
D:2:      layout_basic, hellmonk_ecumenical_altar_arch_garden,
          guppyfry_early_orc_mine
D:3:      layout_basic, uniq_jessica
D:4:      layout_basic, jmf_multi_god_temple2, uniq_natasha

Skill      XL: |  1  2  3  4  5  6 |
---------------+-------------------+-----
Fighting       | 1 2 3 4 |  4.1
Earth Magic    | 3 4 |  4.8
Spellcasting   | 3 4 |  4.4
Conjurations   | 2 |  2.0
Dodging        | |  1.7
Stealth        | |  1.7
Transmutations | |  0.8

Action                   |  1- 3 |  4- 6 |  7- 9 || total
-------------------------+-------+-------+-------++-------
Melee: Unarmed           |    17 |       |       ||    17
       Dagger            |    26 |    14 |     1 ||    41
       Punch             |     2 |       |       ||     2
 Cast: Sandblast         |    59 |    85 |     6 ||   150
       Stone Arrow       |       |       |     2 ||     2
Evoke: Wand              |       |     1 |     1 ||     2
  Use: Scroll            |       |     2 |       ||     2
Armor: Robe              |    22 |     6 |       ||    28
       Leather armour    |       |    30 |       ||    30
Dodge: Dodged            |    56 |    39 |     2 ||    97
Block: Buckler           |       |     7 |       ||     7
